 Dungeon Crawl Stone Soup version 0.32-a0-20-ge526923d97 (webtiles) character file.

Game seed: 10423735917851266234

22103 Curundu the Severer (level 12, -7/103 HPs)
             Began as a Minotaur Berserker on Jan 17, 2024.
             Was a High Priest of Trog.
             Mangled by a +1 short sword of electrocution (18 damage)
             ... on level 1 of the Elven Halls.
             The game lasted 00:54:58 (9915 turns).

Curundu the Severer (Minotaur Berserker)            Turns: 9915, Time: 00:54:59

Health: -7/103     AC: 22    Str: 27    XL:     12   Next: 60%
Magic:  21/21      EV: 12    Int:  9    God:    Trog [*****.]
Gold:   529        SH: 17    Dex: 12    Spells: 11/11 levels left

rFire   . . .        b - +1 broad axe (venom)
rCold   . . .        w - +0 tower shield
rNeg    . . .        o - +0 plate armour
rPois   .            y - +3 hat of Pondering {ponderous, Will+ MP+10 Int+5}
rElec   .            D - +0 cloak
rCorr   .            j - +0 pair of gloves
SInv    .            (no boots)
Will    ++++.        s - amulet of regeneration Stlth
                     e - +5 ring of evasion
HPRegen 2.17/turn    c - ring "Natopid" {Will+ Str+2}
MPRegen 0.17/turn

%: no passive effects
@: on fire, strong-willed, regenerating, glowing, slow
A: horns 2, retaliatory headbutt
a: Renounce Religion, Berserk, Trog's Hand, Brothers in Arms


You were on level 1 of the Elven Halls.
You worshipped Trog.
Trog was extremely pleased with you.
You visited 4 branches of the dungeon, and saw 13 of its levels.

You collected 1250 gold pieces.
You spent 721 gold pieces at shops.

Inventory:

Hand Weapons
 b - a +1 broad axe of venom (weapon)
Missiles
 i - 2 poisoned darts
 l - 5 boomerangs
 m - 5 curare-tipped darts
Armour
 j - a +0 pair of gloves (worn)
 o - a +0 plate armour (worn)
 w - a +0 tower shield (worn)
 y - the +3 hat of Pondering (worn) {ponderous, Will+ MP+10 Int+5}
   (You took it off Gastronok on level 1 of the Orcish Mines)

   Int+5:     It affects your intelligence (+5).
   Will+:     It increases your willpower.
   MP+10:     It affects your magic capacity (+10).
 D - a +0 cloak (worn)
Jewellery
 c - the ring "Natopid" (right hand) {Will+ Str+2}
   (You found it on level 2 of the Dungeon)

   [ring of willpower]

   Str+2:     It affects your strength (+2).
   Will+:     It increases your willpower.
 e - a +5 ring of evasion (left hand)
 q - a ring of poison resistance
 s - an amulet of regeneration (around neck)
 u - a ring of willpower
Wands
 a - a wand of flame (24)
 d - a wand of paralysis (16) (quivered)
 p - a wand of iceblast (9)
 v - a wand of polymorph (22)
Scrolls
 n - 6 scrolls of teleportation
 r - a scroll of enchant armour
 x - 2 scrolls of fog
 A - 2 scrolls of identify
Potions
 f - 2 potions of invisibility
 g - 2 potions of attraction
 h - 4 potions of curing
 k - a potion of heal wounds
 t - 4 potions of might
 z - 2 potions of lignification
 B - a potion of magic
 C - a potion of resistance


   Skills:
 + Level 8.9 Fighting
 + Level 16.4 Axes
 + Level 12.8 Armour
 - Level 2.9 Dodging
 + Level 12.4 Shields


You had 11 spell levels left.
You didn't know any spells.
Your spell library was empty.

Dungeon Overview and Level Annotations

Branches:
Dungeon (9/15)             Temple (1/1) D:7             Orc (2/2) D:9
    Elf (1/3) Orc:2
   Lair: D:8-11

Altars:
Ashenzari
Cheibriados
Dithmenos
Elyvilon
Fedhas
Gozag
Kikubaaqudgha
Makhleb
Okawaru
Qazlal
Ru
Sif Muna
Trog
Uskayaw
Vehumet
Wu Jian
Xom
Yredelemnul
Zin
The Shining One

Shops:
D:3 (   D:9 [*   Orc:1 !   Orc:2 *?((


Innate Abilities, Weirdness & Mutations

You have a pair of horns on your head.
You reflexively headbutt those who attack you in melee.


Message History

You slash the orc warrior!
The orc warrior is poisoned.
The liquid fire burns you! The orc hits you but does no damage.
You block the orc warrior's attack.
You slice the orc warrior!!
You kill the orc warrior!
Trog accepts your kill.
You hit the orc.
The orc is poisoned.
You slash the orc warrior!
The orc warrior is poisoned.
The liquid fire burns you!
You kill the orc!
Trog accepts your kill. You block the orc warrior's attack.
You block the orc's attack.
The orc high priest hits you but does no damage.
The +1 short sword of electrocution barely misses you.
You hit the orc warrior.
The orc warrior is severely wounded.
You hit the +1 short sword of electrocution.
The liquid fire burns you!
You block the +1 short sword of electrocution's attack.
The orc warrior hits you but does no damage.
The orc high priest calls down the wrath of Beogh upon you.
Beogh smites you! You block the orc's attack.
The +1 short sword of electrocution hits you but does no damage.
You are electrocuted!!
You slice the orc warrior!!
You kill the orc warrior!
Trog accepts your kill.
You miss the +1 short sword of electrocution.
The liquid fire burns you!
You block the +1 short sword of electrocution's attack.
The orc misses you.
The orc high priest hits you from afar with a +0 trident!
The liquid fire burns you!
The +1 short sword of electrocution hits you but does no damage.
You are electrocuted!
* * * LOW HITPOINT WARNING * * *
The +1 short sword of electrocution hits you!
* * * LOW HITPOINT WARNING * * *
You are electrocuted!!
You die...

.####.#####
..........#
..........#
..........#
..........####
.....o.o.....
..:...)().#
#.....)@..#
#.........#
..........#
.###...####
#.#. .##. .#
#. #. #.


You could see an orc high priest, a +1 short sword of electrocution and an orc.

Vanquished Creatures
  Gastronok (Orc:1)
  Erolcha (Orc:2)
  An ogre mage (Orc:2)
  A centaur warrior (D:8)
  A two-headed ogre (D:8)
  3 orc high priests
  Pikel (D:7)
  2 orc sorcerers
  4 orc knights
  A deep elf pyromancer (Elf:1)
  Maurice (D:7)
  A cyclops (D:8)
  A meliai (D:8)
  4 kobold blastminers (Orc:2)
  Maggie (D:6)
  Jeremiah (D:6)
  A queen bee (D:6)
  2 trolls
  A hornet (D:6)
  Prince Ribbit (D:5)
  Grinder (D:6)
  2 wyverns
  13 yaks
  A steam dragon (D:8)
  A warg (Orc:1)
  2 water moccasins
  2 acid dragons
  Duvessa (D:7)
  15 orc warriors
  2 ice beasts
  4 black bears (D:6)
  A sky beast (D:8)
  6 ogres
  3 centaurs
  4 bullfrogs
  A scorpion (D:5)
  22 wights
  Dowan (D:7)
  12 killer bees
  6 howler monkeys
  A bombardier beetle (D:5)
  A gnoll bouda (D:8)
  5 hounds
  3 jellies (D:6)
  Crazy Yiuf (D:5)
  11 orc priests
  4 sleepcaps
  Ijyb (D:4)
  3 iguanas
  15 orc wizards
  Robin (D:4)
  7 adders
  8 gnolls
  A white imp (D:7)
  2 ufetubi (D:6)
  The ghost of OldManVictorn the Covert, a weakling GnDe (D:6)
  A dart slug (D:1)
  2 ribbon worms
  69 orcs
  11 ball pythons
  9 endoplasms
  4 giant cockroaches
  9 hobgoblins
  6 jackals
  6 quokkas
  5 bats
  3 frilled lizards
  17 goblins
  5 kobolds
  4 rats
346 creatures vanquished.

Notes
Turn   | Place    | Note
-------+----------+-------------------------------------------
     0 | D:1      | Curundu the Minotaur Berserker began the quest for the Orb.
     0 | D:1      | Reached XP level 1. HP: 19/19 MP: 0/0
   142 | D:1      | Reached XP level 2. HP: 27/27 MP: 1/1
   289 | D:1      | Reached skill level 4 in Axes
   322 | D:1      | Reached ** piety under Trog
   373 | D:1      | Reached XP level 3. HP: 24/33 MP: 2/2
   848 | D:2      | Identified the ring "Natopid" {Will+ Str+2}
  1168 | D:2      | Identified the +1 chain mail of the Realm of Zot {Regen+
                  | rCorr}
  1198 | D:2      | Reached XP level 4. HP: 40/40 MP: 3/3
  1405 | D:3      | Found Awefet's Antique Weapon Emporium.
  1437 | D:3      | Reached skill level 5 in Axes
  1705 | D:3      | Reached XP level 5. HP: 15/46 MP: 4/4
  1707 | D:3      | Reached skill level 6 in Axes
  2397 | D:4      | Noticed Ijyb
  2408 | D:4      | Killed Ijyb
  2451 | D:4      | Reached skill level 7 in Axes
  2486 | D:4      | Reached XP level 6. HP: 52/52 MP: 5/5
  2526 | D:4      | Noticed Robin
  2573 | D:4      | Reached *** piety under Trog
  2574 | D:4      | Killed Robin
  2625 | D:4      | Found a snail-covered altar of Cheibriados.
  2988 | D:5      | Entered Level 5 of the Dungeon
  2988 | D:5      | Noticed Prince Ribbit
  2999 | D:5      | Reached skill level 8 in Axes
  3040 | D:5      | Killed Prince Ribbit
  3041 | D:5      | Reached skill level 9 in Axes
  3041 | D:5      | Reached XP level 7. HP: 59/59 MP: 6/6
  3286 | D:5      | Reached skill level 10 in Axes
  3390 | D:5      | Reached skill level 11 in Axes
  3390 | D:5      | Reached XP level 8. HP: 66/66 MP: 7/7
  3658 | D:5      | Found a runed translucent door.
  3659 | D:5      | Noticed Crazy Yiuf
  3666 | D:5      | Killed Crazy Yiuf
  3835 | D:6      | Reached skill level 1 in Shields
  3910 | D:6      | Reached **** piety under Trog
  4011 | D:6      | Noticed Jeremiah
  4019 | D:6      | Noticed Grinder
  4030 | D:6      | Reached skill level 5 in Armour
  4037 | D:6      | Killed Jeremiah
  4038 | D:6      | Reached skill level 12 in Axes
  4041 | D:6      | Killed Grinder
  4042 | D:6      | Reached XP level 9. HP: 38/71 MP: 8/8
  4203 | D:6      | Reached skill level 5 in Shields
  4206 | D:6      | Found a shimmering altar of Xom.
  4220 | D:6      | Found a shimmering blue altar of Sif Muna.
  4246 | D:6      | Found a transporter.
  4252 | D:6      | Found a transporter.
  4252 | D:6      | Noticed a queen bee
  4254 | D:6      | Noticed OldManVictorn's ghost (weakling GnDe)
  4351 | D:6      | Killed a queen bee
  4358 | D:6      | Killed OldManVictorn's ghost
  4478 | D:6      | Noticed Maggie
  4489 | D:6      | Paralysed by Maggie for 3 turns
  4494 | D:6      | Killed Maggie
  4495 | D:6      | Reached skill level 13 in Axes
  4587 | D:6      | Found a radiant altar of Vehumet.
  4947 | D:7      | Noticed Pikel
  4954 | D:7      | Killed Pikel
  4955 | D:7      | Reached XP level 10. HP: 79/79 MP: 9/9
  5264 | D:7      | Found a staircase to the Ecumenical Temple.
  5294 | Temple   | Entered the Ecumenical Temple
  5362 | D:7      | Noticed Maurice
  5395 | D:7      | Killed Maurice
  5442 | D:7      | Noticed Duvessa
  5445 | D:7      | Noticed Dowan
  5449 | D:7      | Killed Duvessa
  5454 | D:7      | Killed Dowan
  5455 | D:7      | Reached skill level 14 in Axes
  5589 | D:7      | Found Zin's Purification Station.
  5618 | D:7      | Found a glowing silver altar of Zin.
  5621 | D:7      | Bought a potion of curing for 90 gold pieces
  5779 | D:7      | Reached skill level 10 in Armour
  6182 | D:8      | Noticed a two-headed ogre
  6187 | D:8      | Killed a two-headed ogre
  6303 | D:8      | Reached XP level 11. HP: 65/81 MP: 10/10
  6661 | D:8      | Reached skill level 10 in Shields
  6788 | D:8      | Reached skill level 5 in Fighting
  6800 | D:8      | Noticed a centaur warrior
  6808 | D:8      | Killed a centaur warrior
  6809 | D:8      | Reached skill level 15 in Axes
  7241 | D:9      | Found Myjof's General Store.
  7254 | D:9      | Bought 2 scrolls of teleportation for 84 gold pieces
  7272 | D:9      | Found a staircase to the Orcish Mines.
  7276 | D:9      | Found Duwn's Armour Emporium.
  7512 | D:9      | Reached ***** piety under Trog
  7781 | Orc:1    | Entered Level 1 of the Orcish Mines
  7786 | Orc:1    | Found Zyacioz's Distillery.
  7824 | Orc:1    | Bought a potion of curing for 45 gold pieces
  7824 | Orc:1    | Bought a potion of might for 60 gold pieces
  7824 | Orc:1    | Bought 2 potions of lignification for 90 gold pieces
  7824 | Orc:1    | Bought a potion of resistance for 150 gold pieces
  7842 | Orc:1    | Noticed Gastronok
  7864 | Orc:1    | Killed Gastronok
  8147 | Orc:2    | Entered Level 2 of the Orcish Mines
  8168 | Orc:2    | Found a staircase to the Elven Halls.
  8172 | Orc:2    | Noticed an orc knight
  8234 | Orc:1    | Killed an orc knight
  8787 | Orc:2    | Noticed Erolcha
  8814 | Orc:2    | Killed Erolcha
  8815 | Orc:2    | Reached XP level 12. HP: 72/100 MP: 11/11
  9031 | Orc:2    | Noticed an orc high priest
  9034 | Orc:2    | Noticed an ogre mage
  9043 | Orc:2    | Killed an orc high priest
  9047 | Orc:2    | Noticed an orc high priest
  9055 | Orc:2    | Killed an ogre mage
  9056 | Orc:2    | Reached skill level 16 in Axes
  9496 | Orc:2    | Noticed an orc high priest
  9528 | Orc:1    | Killed an orc high priest
  9600 | Orc:2    | Found Liciwn's Magic Scroll Shop.
  9600 | Orc:2    | Found Quqeomo's Assorted Antiques.
  9608 | Orc:2    | Killed an orc high priest
  9637 | Orc:2    | Found Rops's Antique Weapon Shop.
  9637 | Orc:2    | Found Dumagoz's Weapon Emporium.
  9667 | Orc:2    | Bought a scroll of enchant armour for 112 gold pieces
  9667 | Orc:2    | Bought a scroll of teleportation for 45 gold pieces
  9667 | Orc:2    | Bought a scroll of teleportation for 45 gold pieces
  9905 | Elf:1    | Entered Level 1 of the Elven Halls
  9905 | Elf:1    | Noticed an orc high priest
  9915 | Elf:1    | Mangled by a +1 short sword of electrocution

Illustrated notes

Levels and vault maps discovered:
D:1:      dpeg_arrival_signposts, layout_rooms, nicolae_eternal_life,
          st_stairs_12, nicolae_titane
D:2:      kennysheep_big_flooded_room, layout_basic
D:3:      layout_loops_corners, serial_shops, nicolae_shop_advertising_works
          [nicolae_subvault_shop_adworks]
D:4:      layout_gridville, mainiacjoe_overflow_tiny_flanked, uniq_robin,
          uniq_ijyb
D:5:      layout_basic, uniq_crazy_yiuf_cottage, uniq_prince_ribbit1
D:6:      layout_layer_cave, vehumet_altar_wand_db, jmf_multi_god_temple2,
          gammafunk_ghost_hive, uniq_grinder, uniq_maggie, uniq_jeremiah
D:7:      layout_loops_corners, zin_purify, fountainhead, grunt_ministairs_14,
          uniq_pikel, uniq_maurice, uniq_duvessa
D:8:      minmay_cornered_nines, layout_loops_ring
D:9:      layout_basic, orc_david_3, serial_shops,
          nicolae_shop_tiny_statue_garden
Temple:   nicolae_temple_no_exploring_needed
Orc:1:    layout_diamond_mine, serial_shops, nicolae_shop_peninsula,
          elf_legates, uniq_jorgrun, uniq_gastronok
Orc:2:    grunt_orc_tribal_feast, layout_caves, nicolae_orc_sculptors_studio,
          uniq_erolcha
Elf:1:    layout_loops_ring, serial_shops, nicolae_shop_trees, evilmike_minifort

Skill      XL: |  1  2  3  4  5  6  7  8  9 10 11 12 |
---------------+-------------------------------------+-----
Fighting       | 4 7 8 |  8.9
Axes           | 4 5 7 9 11 12 13 14 15 16 | 16.4
Armour         | 3 5 8 10 11 12 | 12.8
Shields        | 4 7 9 11 12 | 12.4
Dodging        | |  2.9

Action                     |  1- 3 |  4- 6 |  7- 9 | 10-12 || total
---------------------------+-------+-------+-------+-------++-------
  Melee: Hand axe          |    77 |   121 |    69 |       ||   267
         Headbutt          |    10 |    21 |    36 |   111 ||   178
         Punch             |     1 |       |       |       ||     1
         War axe           |       |       |    61 |       ||    61
         Scimitar          |       |       |    59 |       ||    59
         Broad axe         |       |       |    11 |   492 ||   503
  Throw: Dart              |     5 |       |     7 |     2 ||    14
 Invoke: Trog's Hand       |       |     4 |     6 |    16 ||    26
         Berserk           |       |     1 |     4 |     7 ||    12
  Evoke: Wand              |       |       |       |    10 ||    10
    Use: Scroll            |     3 |     9 |     5 |     5 ||    22
         Potion            |       |       |     4 |     1 ||     5
   Stab: Sleeping          |     1 |       |       |       ||     1
         Paralysed         |       |       |       |     2 ||     2
 Armour: Animal skin       |    35 |       |       |       ||    35
         Chain mail        |       |    79 |   121 |    83 ||   283
         Plate armour      |       |       |       |   141 ||   141
  Dodge: Dodged            |    84 |   102 |   101 |   154 ||   441
  Block: Tower shield      |       |    22 |   173 |   426 ||   621

Table legend: (Time is in decaauts)
 A = Elapsed time spent in this place.
 B = Non-inter-level travel time spent in this place.
 C = Inter-level travel time spent in this place.
 D = Time resting spent in this place.
 E = Time spent auto-exploring this place.
 F = Levels seen in this place.
 G = Mean time per level.
                   A        B        C        D        E       F      G
               +--------+--------+--------+--------+--------+-----+--------+
         Total |  10237 |  10237 |      0 |   1101 |   5563 |  13 |  787.5 |
       Dungeon |   7912 |   7912 |      0 |    378 |   4841 |   9 |  879.1 |
        Temple |     28 |     28 |      0 |      0 |      0 |   1 |   28.0 |
  Orcish Mines |   2287 |   2287 |      0 |    722 |    722 |   2 | 1143.5 |
   Elven Halls |      9 |      9 |      0 |      0 |      0 |   1 |    9.0 |
               +--------+--------+--------+--------+--------+-----+--------+

Top non-repeatable levels by time:
     D:7: 1261 daAuts
     D:6: 1218 daAuts
   Orc:2: 1212 daAuts
   Orc:1: 1075 daAuts
     D:3: 997 daAuts
     D:8: 878 daAuts
     D:1: 845 daAuts
     D:5: 816 daAuts
     D:9: 733 daAuts
     D:4: 602 daAuts
     D:2: 560 daAuts
  Temple: 28 daAuts
   Elf:1: 9 daAuts
